 Dungeon Crawl Stone Soup version 0.26.1 (webtiles) character file.

Game seed: 14337598904723075348

106 promet the Sneak (level 4, 0/24 HPs)
             Began as a Vampire Wanderer on Feb 6, 2021.
             Slain by Grinder (6 damage)
             ... on level 3 of the Dungeon on Feb 7, 2021.
             The game lasted 00:19:55 (3243 turns).

promet the Sneak (Vampire Wanderer)                 Turns: 3243, Time: 00:19:58

Health: 0/24       AC:  3    Str: 11    XL:     4   Next: 55%
Magic:  4/5        EV: 11    Int: 13    God:
Gold:   104        SH:  0    Dex: 15    Spells: 3/5 levels left

rFire    . . .     SeeInvis +   e - +3 dagger
rCold    + + .     Faith    .   (no shield)
rNeg     + + +     Spirit   .   d - +0 robe
rPois    ∞         Reflect  .   m - +0 helmet
rElec    .         Harm     .   (no cloak)
rCorr    +         Rampage  .   (no gloves)
Will     .....                  (no boots)
Stlth    +++++.....             i - amulet of the acrobat
HPRegen  0.00/turn              j - ring of resist corrosion
MPRegen  0.09/turn              (no ring)

@: bloodless
A: fangs 3, see invisible, unbreathing
a: Bat Form, Revivify


You were on level 3 of the Dungeon.
You visited 1 branch of the dungeon, and saw 3 of its levels.

You collected 104 gold pieces.

Inventory:

Hand Weapons
 b - a +0 hunting sling
 e - a +3 dagger (weapon)
 l - a +3 whip of venom
Missiles
 f - 13 poisoned darts (quivered)
 h - 35 arrows
 k - 31 stones
Armour
 d - a +0 robe (worn)
 m - a +0 helmet (worn)
Jewellery
 i - an amulet of the acrobat (around neck)
 j - a ring of resist corrosion (left hand)
Scrolls
 a - a scroll of enchant armour {unknown}
 c - 5 scrolls of teleportation
 g - 2 scrolls of identify


   Skills:
 + Level 0.1 Fighting
 + Level 1.1(1.3) Short Blades
 + Level 1.0(1.2) Long Blades
 + Level 0.7 Dodging
 * Level 6.3 Stealth
 + Level 1.0 Spellcasting
 + Level 2.0 Fire Magic
 + Level 3.5 Ice Magic
 + Level 1.0 Evocations


You had 3 spell levels left.
You knew the following spells:

 Your Spells              Type           Power        Failure   Level
a - Freeze                Ice            36%          7%          1
b - Pain                  Necr           0%           28%         1

Your spell library contained the following spells:

 Spells                   Type           Power        Failure   Level
 Frozen Ramparts          Ice            18%          21%         3
 Ozocubu's Armour         Ice            9%           21%         3
 Vampiric Draining        Necr           0%           63%         3
 Hailstorm                Conj/Ice       5%           80%         4
 Summon Ice Beast         Ice/Summ       5%           80%         4


Dungeon Overview and Level Annotations

Branches:
Dungeon (3/15)

Altars:
Fedhas

Annotations:
D:3 exclusion: oklob plant, Grinder


Innate Abilities, Weirdness & Mutations

You do not regenerate when monsters are visible.
You are frail without blood (-20% HP).
You can heal yourself when you bite living creatures.
You are immune to poison.
You have razor-sharp teeth.
You have supernaturally acute eyesight. (SInv)
You can survive without breathing.


Message History

You barely miss Grinder.
Grinder is almost dead.
Grinder gestures at you.
You suddenly lose the ability to move!
Grinder hits you.
Grinder blinks!
Grinder drinks a potion.
Grinder seems to speed up.
Grinder blinks!
Grinder hits you. x2
* * * LOW HITPOINT WARNING * * *
You can move again.
Casting: Freeze (safe; 7% risk of failure)
Confirm with . or Enter, or press ? or * to list all spells.
Aiming: Freeze (safe; 7% risk of failure)
Press: ? - help, Shift-Dir - straight line, f - Grinder
Aim: Grinder (almost dead, fast) Grinder resists.
You freeze Grinder.
Grinder is almost dead.
Grinder hits you.
You die...

.............#
#.###.≈≈≈
........######
#.....≈≈≈
........#
#####.≈≈≈
#.##....#
#PP.≈≈≈
#.##....#
#PP..≈≈
#.......######
##P♣..≈
#.........(..##
#♣PPP..
##.##........=.


#PPPP.. #. #..@.§..... #PPPPPP # #..5....B.. #PP#PPP ###.#####.. #PPPPPP #.# .
##PPP.P #.. ###### ### You could see Grinder (fast) and a giant cockroach.

Vanquished Creatures
  Robin (D:2)
  2 adders (D:2)
  An ooze (D:1)
  A leopard gecko (D:1)
  11 bats
  5 giant cockroaches
  13 goblins
  9 hobgoblins
  4 jackals (D:2)
  6 kobolds
  5 frilled lizards
  7 rats
65 creatures vanquished.

Notes
Turn   | Place    | Note
-------+----------+-------------------------------------------
     0 | D:1      | promet the Vampire Wanderer began the quest for the Orb.
     0 | D:1      | promet set off with the following items: a +0 dagger, a
                  | scroll of teleportation, a +0 robe; and the following
                  | spells available to memorise: Freeze, Frozen Ramparts,
                  | Ozocubu's Armour, Pain, Vampiric Draining, Hailstorm,
                  | Summon Ice Beast
     0 | D:1      | Reached XP level 1. HP: 13/13 MP: 1/1
    73 | D:1      | Reached skill level 5 in Stealth
   176 | D:1      | Reached XP level 2. HP: 15/15 MP: 2/2
   454 | D:1      | Learned a level 1 spell: Freeze
  1306 | D:1      | Reached XP level 3. HP: 19/19 MP: 3/3
  1691 | D:2      | Learned a level 1 spell: Pain
  1930 | D:2      | Reached skill level 6 in Stealth
  2197 | D:2      | Reached XP level 4. HP: 22/24 MP: 1/4
  2206 | D:2      | Noticed Robin
  2360 | D:2      | Killed Robin
  2362 | D:2      | Reached skill level 1 in Short Blades
  2746 | D:2      | Reached skill level 1 in Spellcasting
  3147 | D:3      | Found a blossoming altar of Fedhas.
  3168 | D:3      | Noticed an oklob plant
  3227 | D:3      | Noticed Grinder
  3235 | D:3      | Paralysed by Grinder for 7 turns
  3243 | D:3      | Slain by Grinder

Illustrated notes

Levels and vault maps discovered:
D:1:      saegor_arrival_simple_a, layout_rooms
D:2:      layout_basic, uniq_robin
D:3:      layout_basic, st_stairs_11, tgw_fedhas, uniq_grinder, uniq_natasha,
          uniq_terence

Skill      XL: |  1  2  3  4 |
---------------+-------------+-----
Stealth        | 5 6 |  6.3
Fire Magic     | 2 |  2.0
Short Blades   | 1 |  1.1
Spellcasting   | 1 |  1.0
Fighting       | |  0.1
Long Blades    | |  1.0
Dodging        | |  0.7
Ice Magic      | |  3.5
Evocations     | |  1.0

Action                   |  1- 3 |  4- 6 || total
-------------------------+-------+-------++-------
Melee: Dagger            |    51 |    13 ||    64
       Bite              |     8 |     1 ||     9
       Short sword       |    58 |     6 ||    64
       Whip              |       |     3 ||     3
 Fire: Hunting sling     |       |     7 ||     7
Throw: Stone             |     1 |       ||     1
       Dart              |       |     2 ||     2
 Cast: Freeze            |    18 |     6 ||    24
 Abil: Exsanguinate      |     1 |       ||     1
  Use: Potion            |     2 |     1 ||     3
       Scroll            |     3 |     2 ||     5
 Stab: Sleeping          |    15 |     8 ||    23
       Distracted        |     1 |       ||     1
Armor: Robe              |    20 |     2 ||    22
Dodge: Dodged            |    73 |    14 ||    87
